 Dungeon Crawl Stone Soup version 0.27-a0-1359-ga2a4dfd6fd (webtiles) character file.

Game seed: 1713238206369206389

1232 ratatacist the Cleaver (level 8, -9/71 HPs)
             Began as a Minotaur Berserker on June 28, 2021.
             Was a Priest of Trog.
             Succumbed to a killer bee's poison
             ... on level 6 of the Dungeon.
             The game lasted 00:05:35 (4429 turns).

ratatacist the Cleaver (Minotaur Berserker)         Turns: 4429, Time: 00:05:35

Health: -9/71      AC: 12    Str: 23    XL:     8   Next: 24%
Magic:  7/7        EV:  9    Int: 10    God:    Trog [***...]
Gold:   190        SH:  0    Dex: 11    Spells: 7/7 levels left

rFire    . . .     SeeInvis .   l - +0 war axe
rCold    . . .     Faith    .   (no shield)
rNeg     . . .     Spirit   .   o - +0 chain mail
rPois    .         Reflect  .   (helmet restricted)
rElec    .         Harm     .   (no cloak)
rCorr    .         Rampage  .   c - +1 pair of gloves
Will     .....                  (no boots)
Stlth    ..........             (no amulet)
HPRegen  0.21/turn              g - +6 ring of intelligence
MPRegen  0.10/turn              (no ring)

@: lethally poisoned (-9 -> -40), on berserk cooldown, slowed, very slow
A: horns 2, retaliatory headbutt
a: Renounce Religion, Berserk, Trog's Hand


You were on level 6 of the Dungeon.
You worshipped Trog.
Trog was most pleased with you.
You visited 1 branch of the dungeon, and saw 6 of its levels.

You collected 190 gold pieces.

Inventory:

Hand Weapons
 l - a +0 war axe (weapon)
Armour
 c - a +1 pair of gloves (worn)
 o - a +0 chain mail (worn)
Jewellery
 g - a +6 ring of intelligence (left hand)
Wands
 n - a wand of iceblast (5)
Scrolls
 b - a scroll of summoning {unknown}
 d - 4 scrolls of identify
 f - a scroll of torment {unknown}
 h - a scroll of blinking {unknown}
 k - a scroll of teleportation {unknown}
 m - 2 scrolls of enchant weapon {unknown}
 p - a scroll of magic mapping {unknown}
 q - a scroll of fog {unknown}
Potions
 a - a potion of brilliance {unknown}
 e - a potion of curing
 i - a potion of flight {unknown}
 j - a potion of lignification {unknown}


   Skills:
 * Level 6.3 Fighting
 * Level 8.7 Axes
 * Level 5.7 Armour
 * Level 4.7 Dodging
 + Level 0.8 Stealth


You had 7 spell levels left.
You didn't know any spells.
Your spell library was empty.

Dungeon Overview and Level Annotations

Branches:
Dungeon (6/15)
 Temple: D:4-7

Altars:
Kikubaaqudgha
Uskayaw


Innate Abilities, Weirdness & Mutations

You have a pair of horns on your head.
You reflexively headbutt those who attack you in melee.


Message History

Your skin stops crawling.
You feel less strong-willed.
The killer bee stings you but does no damage.
The killer bee misses you. You furiously retaliate!
You headbutt the killer bee. The killer bee stings you.
You are poisoned.
The killer bee poisons you!
You closely miss the killer bee.
The killer bee is almost dead.
You feel very sick.
The killer bee stings you but does no damage.
The killer bee closely misses you.
A kobold comes into view. It is wielding a +0 dagger.
The killer bee stings you.
* * * LOW HITPOINT WARNING * * *
You are more poisoned.
The killer bee poisons you!
You closely miss the killer bee. Your headbutt misses the killer bee.
The killer bee is severely wounded.
You feel very sick. The killer bee stings you.
* * * LOW HITPOINT WARNING * * *
You are lethally poisoned!
The killer bee poisons you!
The killer bee stings you but does no damage.
The killer bee stings you.
* * * LOW HITPOINT WARNING * * *
You are more poisoned.
The killer bee poisons you!
You slash the killer bee!
You kill the killer bee!
Trog accepts your kill.
* * * LOW HITPOINT WARNING * * *
You feel extremely sick.
The killer bee stings you but does no damage.
The killer bee stings you.
* * * LOW HITPOINT WARNING * * *
You are more poisoned.
The killer bee poisons you!
You barely miss the killer bee. Your headbutt misses the killer bee.
You die...

#........##.....
.#..........## ..
#..#.....# #.
#........###
#.##.#.##......
###...K#.#...####
#...?K.Ky...##
#>..####y##.#
....K.. #@##.##
......# #.##..#
.....( #.###.##
......
#.###..##.# .....
####.#.......#
.....
#........#.....#
#........#####..
#........# #
#..<.†...#


You could see a kobold brigand, 2 killer bees and a kobold.

Vanquished Creatures
  3 black bears
  A phantom (D:4)
  A scorpion (D:4)
  A water moccasin skeleton (D:4)
  4 killer bees (D:6)
  A howler monkey (D:4)
  The ghost of ipx the Vexing, a weakling DEEn of Ru (D:5)
  A bullfrog zombie (D:5)
  2 centaur zombies
  A bullfrog skeleton (D:5)
  5 hounds (D:5)
  2 iguanas (D:5)
  Natasha (thrice) (D:2)
  4 adders
  4 gnolls (D:2)
  An ufetubus (D:5)
  2 worms
  3 dart slugs
  6 orcs
  4 endoplasms
  2 giant cockroaches
  4 goblins
  7 hobgoblins
  6 jackals (D:2)
  2 kobolds
  3 quokkas
  3 ball pythons
  4 bats
  4 frilled lizards (D:1)
  4 rats
89 creatures vanquished.

Vanquished Creatures (others)
  A plant (D:1)
1 creature vanquished.

Grand Total: 90 creatures vanquished

Notes
Turn   | Place    | Note
-------+----------+-------------------------------------------
     0 | D:1      | ratatacist the Minotaur Berserker began the quest for the
                  | Orb.
     0 | D:1      | Reached XP level 1. HP: 19/19 MP: 0/0
   207 | D:1      | Reached XP level 2. HP: 27/27 MP: 1/1
   350 | D:1      | Reached skill level 4 in Axes
   408 | D:1      | Found a faded altar of an unknown god.
   945 | D:2      | Reached XP level 3. HP: 28/33 MP: 2/2
  1118 | D:2      | Found a hide-covered altar of Uskayaw.
  1146 | D:2      | Noticed Natasha
  1153 | D:2      | Killed Natasha
  1153 | D:2      | Reached ** piety under Trog
  1154 | D:2      | Reached XP level 4. HP: 29/40 MP: 3/3
  1225 | D:2      | Noticed Natasha
  1236 | D:2      | Killed Natasha
  1458 | D:2      | Noticed Natasha
  1474 | D:2      | Killed Natasha
  1475 | D:2      | Reached skill level 5 in Axes
  1841 | D:2      | Reached XP level 5. HP: 43/47 MP: 4/4
  2727 | D:4      | Reached skill level 5 in Fighting
  2727 | D:4      | Reached XP level 6. HP: 56/56 MP: 5/5
  2890 | D:4      | Reached skill level 6 in Axes
  3594 | D:5      | Entered Level 5 of the Dungeon
  3652 | D:5      | Found an ancient bone altar of Kikubaaqudgha.
  3654 | D:5      | Reached skill level 7 in Axes
  3654 | D:5      | Reached XP level 7. HP: 38/61 MP: 6/6
  4029 | D:5      | Found a runed translucent gate.
  4033 | D:5      | Found a runed translucent gate.
  4033 | D:5      | Found a runed translucent gate.
  4033 | D:5      | Noticed ipx's ghost (weakling DEEn)
  4060 | D:5      | Reached skill level 8 in Axes
  4328 | D:5      | Killed ipx's ghost
  4366 | D:6      | Reached skill level 5 in Armour
  4366 | D:6      | Reached XP level 8. HP: 66/70 MP: 7/7
  4422 | D:6      | HP: 1/70 [poisoned by a killer bee]
  4428 | D:6      | Reached *** piety under Trog
  4428 | D:6      | HP: 3/70 [poisoned by a killer bee]
  4429 | D:6      | Succumbed to a killer bee's poison

Illustrated notes

Levels and vault maps discovered:
D:1:      amcnicky_arrival_underground_garden, layout_rooms,
          hellmonk_ecumenical_altar_blasted, hangedman_glass_garden,
          grunt_decor_clamped
D:2:      layout_loops_ring, basic_altar, amcnicky_mini_corridor_feature,
          uniq_natasha
D:3:      layout_rooms, eino_tiny_chamber, item_on_display_a
D:4:      layout_layer_cave
D:5:      layout_basic, lemuel_round_altar, ebering_ghost_rock_garden,
          minmay_circle_x
D:6:      layout_rooms, minmay_temple_entry_statues_pillars,
          portal_sewer_entry_b, minmay_misc_feat_more_columns,
          uniq_blork_the_orc

Skill      XL: |  1  2  3  4  5  6  7 |
---------------+----------------------+-----
Fighting       | 4 5 6 |  6.3
Axes           | 4 5 7 8 |  8.7
Dodging        | 3 4 |  4.7
Armour         | 3 5 |  5.7
Stealth        | |  0.8

Action                   |  1- 3 |  4- 6 |  7- 9 || total
-------------------------+-------+-------+-------++-------
Melee: Hand axe          |    47 |    52 |       ||    99
       Headbutt          |     5 |    20 |     9 ||    34
       War axe           |       |    62 |    84 ||   146
Invok: Berserk           |       |     2 |     2 ||     4
       Trog's Hand       |       |       |     2 ||     2
  Use: Scroll            |       |     2 |       ||     2
       Potion            |       |       |     3 ||     3
 Stab: Sleeping          |     1 |       |       ||     1
Armor: Animal skin       |     6 |    18 |       ||    24
       Chain mail        |       |    36 |    70 ||   106
Dodge: Dodged            |    27 |    64 |    55 ||   146

Table legend: (Time is in decaauts)
 A = Elapsed time spent in this place.
 B = Non-inter-level travel time spent in this place.
 C = Inter-level travel time spent in this place.
 D = Time resting spent in this place.
 E = Time spent auto-exploring this place.
 F = Levels seen in this place.
 G = Mean time per level.
                   A        B        C        D        E       F      G
               +--------+--------+--------+--------+--------+-----+--------+
         Total |   4475 |   4258 |    217 |      0 |   3628 |   6 |  745.8 |
       Dungeon |   4475 |   4258 |    217 |      0 |   3628 |   6 |  745.8 |
               +--------+--------+--------+--------+--------+-----+--------+

Top non-repeatable levels by time:
     D:2: 1329 daAuts
     D:4: 950 daAuts
     D:1: 922 daAuts
     D:5: 786 daAuts
     D:3: 413 daAuts
     D:6: 73 daAuts
